 Dungeon Crawl Stone Soup version 0.31-a0-618-g7ca08c1ff9 (webtiles) character file.

Game seed: 4629436708510546550

51 spiderkeys the Insei (level 3, -8/24 HPs)
             Began as an Octopode Shapeshifter on Aug 22, 2023.
             Mangled by a gnoll
             ... wielding a +0 halberd
              (13 damage)
             ... on level 2 of the Dungeon.
             The game lasted 00:03:07 (1399 turns).

spiderkeys the Insei (Octopode Shapeshifter)        Turns: 1399, Time: 00:03:07

Health: -8/24      AC:  1    Str: 14    XL:     3   Next: 83%
Magic:  3/3        EV: 13    Int: 10    God:
Gold:   42         SH:  0    Dex: 14    Spells: 2/2 levels left

rFire   . .          .
                       - Unarmed
rCold   . . .        (no shield)
rNeg    . . .        (helmet currently unavailable)
rPois   .            g - amulet of regeneration
rElec   .            (no ring)
rCorr   .            (no ring)
SInv    .            (no ring)
Will    .....        (no ring)
Stlth   ++           (no ring)
HPRegen 1.04/turn    (no ring)
MPRegen 0.08/turn    (no ring)
                     (no ring)

%: no passive effects
@: beast-form
A: beast (slay +1), almost no armour, amphibious, 8 rings, camouflage 1,
gelatinous body 1, (nimble swimmer 1), tentacles
a: Begin Untransformation


You were on level 2 of the Dungeon.
You were a hulking beast.
You visited 1 branch of the dungeon, and saw 2 of its levels.

You collected 42 gold pieces.


Innate Abilities, Weirdness & Mutations

You are a hulking beast.
Your limbs bulge with bestial killing power. (Slay +1)
You cannot wear most types of armour.
You are amphibious.
You can wear up to eight rings at the same time.
Your skin changes colour to match your surroundings (Stealth+).
Your rubbery body absorbs attacks. (AC +1, EV +1)
((You are camouflaged when in or above water. (Stealth+)))
You have tentacles for arms and can constrict up to eight enemies at once.


   Skills:
 + Level 1.9 Fighting
 + Level 2.6 Dodging
 + Level 3.4 Unarmed Combat
 + Level 3.4 Shapeshifting


You had 2 spell levels left.
You didn't know any spells.
Your spell library was empty.

Inventory:

Missiles
 j - 6 boomerangs
 m - 3 stones
Magical Staves
 f - a staff of fire {!a}
   (You found it on level 1 of the Dungeon)
Jewellery
 g - an amulet of regeneration (around mantle)
   (You found it on level 1 of the Dungeon)
 T - an amulet of faith {!P}
   (You found it on level 2 of the Dungeon)
Talismans
 b - a beast talisman (active)
 c - a flux talisman
Wands
 n - a wand of mindburst (11)
   (You found it on level 2 of the Dungeon)
Scrolls
 d - a scroll of amnesia
 k - a scroll of fear
 l - a scroll of identify {@r1}
Potions
 a - a potion of lignification {!q}
 e - a potion of haste {unknown}
 h - a potion of ambrosia {unknown}
 i - a potion of mutation {unknown}

Dungeon Overview and Level Annotations

Branches:
Dungeon (2/15) Zot: 10602

Altars:
Okawaru

Annotations:
D:2 Sigmund

#####.... ### #........
$....####.###....
###...........##...
..#.#######.#.##.#.
#.#.##....#.#.##.#.
#.#.##.#....#......
####.#.#.##.###..#####..
.....g)h....#.#..# #..
.#...#####..#.#..# #..
#. .............# #.#
######..†.#.## #.#
#.##.#.# #.# #.#..#.. ..
#.. .. #.. ... .. _..#


You could see a gnoll.


Message History

😎 HP[+1]
Your hp is fully restored (24).
No target in view!
No target in view!
There is a large open door here.
Key pressed, stopping explore.
Key pressed, stopping explore.
There is a stone staircase leading up here.
Key pressed, stopping explore.
The hobgoblin shouts!
You tentacle-slap the hobgoblin.
You kill the hobgoblin!
No target in view!
No target in view!
m - 3 stones You now have 42 gold pieces (gained 4).
n - a wand of mindburst (11)
A ball python comes into view.
A ball python is nearby!
The helpless ball python fails to defend itself.
You tentacle-slap the ball python. Your grab misses the ball python.
The ball python bites you.
The ball python barely misses you. 😕 HP[-2]
You take 2 damage, and now have 22/24 hp.
You completely miss the ball python. Your grab misses the ball python.
You squeeze the ball python.
You kill the ball python! 😎 HP[+2]
Your hp is fully restored (24).
No target in view!
Found a stone staircase leading down.
There is a stone staircase leading down here.
There is a stone staircase leading down here.
Key pressed, stopping explore.
Key pressed, stopping explore.
Found a stone staircase leading down.
A rat comes into view.
A rat is nearby!
There is a stone staircase leading down here.
The helpless rat fails to defend itself.
You bludgeon the rat!
You kill the rat!
No target in view!
Key pressed, stopping explore.
A dart slug comes into view.
A dart slug is nearby!
You tentacle-slap the dart slug. You grab the dart slug.
You constrict the dart slug, but do no damage.
The dart slug misses you.
You tentacle-slap the dart slug. You constrict the dart slug.
A dart slug is nearby!
A dart slug is nearby!
You tentacle-slap the dart slug. You constrict the dart slug.
The dart slug misses you.
You tentacle-slap the dart slug.
You kill the dart slug!
A rat comes into view.
A rat is nearby!
A rat is nearby!
Found an iron altar of Okawaru.
You tentacle-slap the rat.
You kill the rat!
No target in view!
No target in view!
No target in view!
A gnoll comes into view. It is wielding a +0 spear.
There are monsters nearby!
There are monsters nearby!
The gnoll shouts!
The ball python hisses angrily.
You tentacle-slap the ball python.
You kill the ball python!
You hear a shout! x2
The gnoll hits you with a +0 spear! 😮 HP[-9]
You take 9 damage, and now have 15/24 hp.
MASSIVE DAMAGE!! (PAUSE) Unknown command.
You tentacle-slap the gnoll. Your grab misses the gnoll.
Your squeeze misses the gnoll. The gnoll hits you with a +0 spear.
* * * LOW HITPOINT WARNING * * *
😨 HP[-3]
You take 3 damage, and now have 12/24 hp.
You tentacle-slap the gnoll. You grab the gnoll. You constrict the gnoll.
The gnoll hits you with a +0 spear.
* * * LOW HITPOINT WARNING * * *
A hobgoblin comes into view. It is wielding a +0 sling. 😨 HP[-5]
You take 5 damage, and now have 7/24 hp.
MASSIVE DAMAGE!! (PAUSE)
You tentacle-slap the gnoll but do no damage.
You constrict the gnoll, but do no damage.
The gnoll hits you with a +0 spear.
* * * LOW HITPOINT WARNING * * *
😱 HP[-3]
You take 3 damage, and now have 4/24 hp.
You tentacle-slap the gnoll. You constrict the gnoll.
You kill the gnoll!
The gnoll hits you from afar with a +0 halberd!
Ouch! That really hurt!
You die...

Action                     || total
---------------------------++-------
  Melee: Unarmed           ||    72
         Constrict         ||    17
         Tentacles         ||     9
         Punch             ||     1
  Throw: Boomerang         ||     1
    Use: Scroll            ||     3
   Stab: Sleeping          ||     8
 Armour: Skin              ||    11
  Dodge: Dodged            ||    59

Levels and vault maps discovered:
D:1:      roderic_octagonal_star, layout_basic
D:2:      layout_basic, basic_altar, kennysheep_generic_room_3, uniq_sigmund,
          uniq_jessica

Notes
Turn   | Place    | Note
-------+----------+-------------------------------------------
     0 | D:1      | spiderkeys the Octopode Shapeshifter began the quest for
                  | the Orb.
     0 | D:1      | Reached XP level 1. HP: 13/13 MP: 1/1
     0 | D:1      | magus.rc [v1.11.6]
   239 | D:1      | Reached XP level 2. HP: 18/18 MP: 2/2
   287 | D:1      | HP: 4/18 [jackal (2)]
   486 | D:1      | Reached XP level 3. HP: 23/23 MP: 3/3
   898 | D:2      | Noticed Sigmund
  1388 | D:2      | Found an iron altar of Okawaru.
  1398 | D:2      | HP: 4/24 [gnoll/+0 spear (4)]
  1399 | D:2      | Mangled by a gnoll

Vanquished Creatures
  A gnoll (D:2)
  An adder (D:2)
  A dart slug (D:2)
  4 ball pythons
  An endoplasm (D:1)
  A giant cockroach (D:2)
  3 goblins
  3 hobgoblins
  8 jackals (D:1)
  2 kobolds
  5 bats (D:1)
  2 frilled lizards (D:1)
  4 rats
36 creatures vanquished.

Table legend:
 A = Non-vault XP
 B = Vault XP
 C = Vault XP percentage of total XP
 D = Non-vault monster count
 E = Vault monster count
 F = Vault count percentage of total count
                 A         B        C        D         E       F
            +---------+---------+-------+---------+---------+-------
      Total |      85 |       3 |   3.4 |      34 |       2 |   5.6
            +---------+---------+-------+---------+---------+-------
        D:1 |      42 |       0 |   0.0 |      24 |       0 |   0.0
        D:2 |      43 |       3 |   6.5 |      10 |       2 |  16.7
            +---------+---------+-------+---------+---------+-------

Action                     || total
---------------------------++-------
  Melee: Unarmed           ||    72
         Constrict         ||    17
         Tentacles         ||     9
         Punch             ||     1
  Throw: Boomerang         ||     1
    Use: Scroll            ||     3
   Stab: Sleeping          ||     8
 Armour: Skin              ||    11
  Dodge: Dodged            ||    59

Illustrated notes

Table legend:
 A = Kills in this place as a percentage of kills in the entire game.
 B = Kills by you in this place as a percentage of kills by you in the entire game.
 C = Kills by friends in this place as a percentage of kills by friends in the entire game.
 D = Other kills in this place as a percentage of other kills in the entire game.
 E = Experience gained in this place as a percentage of experience gained in the entire game.
 F = Experience gained in this place divided by the number of levels of this place that you have seen.
                   A       B       C       D       E      F
               +-------+-------+-------+-------+-------+----------------------
         Total | 100.0 | 100.0 |   N/A |   N/A | 100.0 |  44.0
       Dungeon | 100.0 | 100.0 |   N/A |   N/A | 100.0 |  44.0
               +-------+-------+-------+-------+-------+----------------------

Table legend: (Time is in decaauts)
 A = Elapsed time spent in this place.
 B = Non-inter-level travel time spent in this place.
 C = Inter-level travel time spent in this place.
 D = Time resting spent in this place.
 E = Time spent auto-exploring this place.
 F = Levels seen in this place.
 G = Mean time per level.
                   A        B        C        D        E       F      G
               +--------+--------+--------+--------+--------+-----+--------+
         Total |   1396 |   1337 |     59 |    161 |    946 |   2 |  698.0 |
       Dungeon |   1396 |   1337 |     59 |    161 |    946 |   2 |  698.0 |
               +--------+--------+--------+--------+--------+-----+--------+

Top non-repeatable levels by time:
     D:1: 933 daAuts
     D:2: 463 daAuts
